 Dungeon Crawl Stone Soup version 0.26.1-11-gd32895ea62 (webtiles) character file.

Game seed: 3452555921789189219

2179 jlumianski the Summoner (level 9, -12/37 HPs)
             Began as a Felid Summoner on May 25, 2021.
             Was a Priest of Makhleb.
             Killed from afar by an ice dragon (49 damage)
             ... with a blast of cold
             ... on level 10 of the Dungeon.
             The game lasted 01:15:50 (14851 turns).

jlumianski the Summoner (Felid Summoner)           Turns: 14851, Time: 01:15:50

Health: -12/37     AC:  2    Str:  6    XL:     9   Next: 11%
Magic:  24/32      EV: 20    Int: 19    God:    Makhleb [***...]
Gold:   372        SH:  0    Dex: 18    Spells: 11/27 levels left
                                        Lives:  0   Deaths: 3

rFire    . . .     SeeInvis +     - Unarmed
rCold    . . .     Faith    .   (shield unavailable)
rNeg     . . .     Spirit   .   (armour unavailable)
rPois    +         Reflect  .   (helmet unavailable)
rElec    +         Harm     .   (cloak unavailable)
rCorr    .         Rampage  .   (gloves unavailable)
Will     +....                  (boots unavailable)
Stlth    +++.......             l - amulet of magic regeneration
HPRegen  0.12/turn              r - ring of magical power
MPRegen  0.48/turn              B - ring of Paon {rElec rPois Str+2 Slay+3}

@: very slightly contaminated, quick
A: very small, no armour, no weapons or thrown items, stealth, claws 1, fangs 3,
see invisible, speed 1, shaggy fur 2, sharp paws
a: Renounce Religion, Minor Destruction, Lesser Servant of Makhleb


You were on level 10 of the Dungeon.
You worshipped Makhleb.
Makhleb was most pleased with you.
You visited 2 branches of the dungeon, and saw 11 of its levels.

You collected 625 gold pieces.
You spent 253 gold pieces at shops.

Inventory:

Armour
 s - a +0 scale mail
Jewellery
 h - a +6 ring of dexterity
 k - an uncursed ring of resist corrosion
 l - an amulet of magic regeneration (around neck)
 n - an uncursed ring of wizardry
 r - a ring of magical power (left paw)
 x - a +4 ring of evasion
 B - the ring of Paon (right paw) {rElec rPois Str+2 Slay+3}
   (You found it on level 6 of the Dungeon)

   [ring of poison resistance]

   It affects your strength (+2).
   It affects your accuracy and damage with ranged weapons and melee attacks
   (+3).
   It insulates you from electricity.
   It protects you from poison.
Wands
 m - a wand of flame (45)
 w - a wand of random effects (17)
 z - a wand of acid (10)
 D - a wand of paralysis (4)
 E - a wand of iceblast (8)
Scrolls
 b - 5 scrolls of amnesia
 d - 3 scrolls of remove curse
 p - 2 scrolls of enchant weapon
 q - 3 scrolls of fog
 t - 5 scrolls of teleportation
 v - 2 scrolls of fear
 y - a scroll of random uselessness {unknown}
 C - a scroll of blinking {unknown}
 F - 2 scrolls of identify
 G - a scroll of vulnerability {unknown}
Potions
 a - 5 potions of heal wounds
 c - a potion of magic {unknown}
 e - 2 potions of brilliance
 f - 5 potions of haste
 g - a potion of lignification
 i - 2 potions of attraction
 j - a potion of resistance {unknown}
 o - a potion of degeneration {unknown}
 u - a potion of might
 A - 3 potions of curing {unknown}


   Skills:
 * Level 2.4 Fighting
 * Level 4.7 Dodging
 + Level 4.8 Stealth
 * Level 2.2 Unarmed Combat
 + Level 9.9 Spellcasting
 * Level 3.8 Hexes
 + Level 10.5 Summonings
 * Level 2.7 Invocations


You had 11 spell levels left.
You knew the following spells:

 Your Spells              Type           Power        Failure   Level
a - Summon Small Mammal   Summ           100%         1%          1
b - Call Imp              Summ           49%          1%          2
c - Call Canine Familiar  Summ           49%          1%          3
d - Summon Guardian Gole  Hex/Summ       36%          1%          3
e - Confusing Touch       Hex            24%          4%          3
f - Summon Lightning Spi  Summ/Air       29%          9%          4

Your spell library contained the following spells:

 Spells                   Type           Power        Failure   Level
 Summon Ice Beast         Ice/Summ       29%          9%          4
 Gell's Gravitas          Tloc           4%           22%         3
 Petrify                  Tmut/Erth      9%           58%         4
 Metabolic Englaciation   Hex/Ice        8%           67%         5
 Yara's Violent Unravell  Hex/Tmut       8%           67%         5


Dungeon Overview and Level Annotations

Branches:
Dungeon (10/15)            Temple (1/1) D:4            Lair (0/6) D:8
    Orc: D:9-12

Altars:
Ashenzari
Cheibriados
Dithmenos
Elyvilon
Fedhas
Gozag
Hepliaklqana
Kikubaaqudgha
Makhleb
Nemelex Xobeh
Okawaru
Qazlal
Ru
Sif Muna
Trog
Uskayaw
Vehumet
Wu Jian
Xom
Yredelemnul
Zin
The Shining One

Shops:
D:4 *

Annotations:
D:9 2 transporters, JuniperTheExplorer's ghost, weakling OpDe


Innate Abilities, Weirdness & Mutations

You cannot wear armour.
You are incapable of wielding weapons or throwing items.
Your paws allow you to move quietly. (Stealth)
You have sharp claws.
You have razor-sharp teeth.
You have supernaturally acute eyesight. (SInv)
You cover ground quickly.
You are covered in thick fur. (AC +2)
Your sharp claws are effective at attacking unaware monsters.


Message History

Casting: Summon Lightning Spire (quite dangerous; 9% risk of failure)
Confirm with . or Enter, or press ? or * to list all spells.
You swap places.
Casting: Call Canine Familiar (safe; 1% risk of failure)
Confirm with . or Enter, or press ? or * to list all spells.
You miscast Summon Guardian Golem.
You are very lightly contaminated with residual magic.
Nothing appears to happen.
The ice dragon breathes frost at you. The blast of cold hits your shadow imp!
Your shadow imp resists.
The blast of cold hits your crimson imp!!!
Your crimson imp is frozen!
Your crimson imp dies!
The blast of cold hits your wolf!!!
Your wolf dies!
Your wolf's corpse disappears in a puff of smoke!
The blast of cold hits you!!!
Ouch! That really hurt!
You die...

#..............######
#....................
#..##################
#..##...).D.##,,,..,,
##.#.D#####..#,,..*.,
#.#5##$$$##.#,.#...*
#.#.#$$.$.#.#......,
#.8§#$$.D...§.#,,*,,
#.#@#$$()$#.#......,
#.#.##?$$##.#..#...*
*#.#..####*..#,5..#.,
*..##..,,,,.##,....,,
*..#*###**##****##.#*
#..#*,,,,,,,**,,,,.#, *****
#..#,,*****,,***,*,,*
*,,,*******,,*,**,,,**,*,,,,,**
*,*,,,,,,**,,*,*,,,,,*,**,*,**,


You could see an ice dragon (catching breath), a friendly lightning spire
(summoned) and a friendly shadow imp (summoned).

Vanquished Creatures
  An ogre (D:6)
  A bullfrog (D:7)
  A bullfrog zombie (D:7)
  An orc priest (D:10)
  An orc wizard (D:8)
  A leopard gecko (D:9)
  5 goblins
  A hobgoblin (D:1)
  3 kobolds (D:8)
  3 quokkas
  2 frilled lizards (D:1)
  3 rats
23 creatures vanquished.

Vanquished Creatures (collateral kills)
  A two-headed ogre (D:9)
  The ghost of chaostorm the Chopper, a novice MiBe of Trog (D:7)
  The ghost of Zeld the Thaumaturge, a novice OpBr of Fedhas (D:7)
  A troll (D:9)
  Sigmund (D:2)
  A shadow (D:9)
  A wraith (D:10)
  A steam dragon (D:7)
  An orc warrior (D:10)
  2 ice beasts
  An eye of draining (D:5)
  3 sky beasts
  2 necrophages
  4 ogres
  3 centaurs
  2 big kobolds
  5 bullfrogs
  6 scorpions
  A wyvern skeleton (D:10)
  2 howler monkeys
  5 wights
  A centaur zombie (D:6)
  3 bullfrog zombies
  5 hounds
  A jelly (D:9)
  5 orc priests
  3 iguanas
  7 orc wizards
  Crazy Yiuf (D:3)
  Ijyb (D:3)
  7 worker ants
  A hound skeleton (D:4)
  Robin (D:4)
  5 gnolls
  14 adders
  3 shadow imps
  A white imp (D:9)
  2 adder zombies
  6 worms
  4 dart slugs
  3 leopard geckos
  23 orcs
  11 bats
  6 giant cockroaches
  15 goblins
  9 hobgoblins
  2 jackals (D:2)
  3 quokkas
  2 frilled lizards
  A giant cockroach zombie (D:5)
  20 kobolds
  A leopard gecko skeleton (D:6)
  A quokka skeleton (D:8)
  A quokka zombie (D:5)
  9 rats
223 creatures vanquished.

Vanquished Creatures (others)
  6 death yaks (D:8)
  2 orc warriors (D:8)
  3 wights
11 creatures vanquished.

Grand Total: 257 creatures vanquished

Notes
Turn   | Place    | Note
-------+----------+-------------------------------------------
     0 | D:1      | jlumianski the Felid Summoner began the quest for the Orb.
     0 | D:1      | Reached XP level 1. HP: 7/7 MP: 4/4
   336 | D:1      | Reached XP level 2. HP: 11/11 MP: 6/6
   339 | D:1      | Learned a level 2 spell: Call Imp
  1701 | D:2      | Reached XP level 3. HP: 10/14 MP: 2/7
  2143 | D:2      | Reached XP level 4. HP: 18/18 MP: 4/9
  2599 | D:2      | Noticed Sigmund
  2730 | D:1      | Learned a level 3 spell: Call Canine Familiar
  3043 | D:2      | Killed Sigmund
  3044 | D:2      | Reached skill level 5 in Summonings
  3044 | D:2      | Reached XP level 5. HP: 12/21 MP: 1/11
  3398 | D:2      | Found an ancient bone altar of Kikubaaqudgha.
  3819 | D:3      | Found a broken altar of Ashenzari.
  4316 | D:3      | Noticed Ijyb
  4323 | D:3      | Killed Ijyb
  4742 | D:3      | Found a runed translucent door.
  4743 | D:3      | Noticed Crazy Yiuf
  5130 | D:3      | Killed Crazy Yiuf
  5297 | D:4      | Gained mutation: You are covered in thick fur. (AC +2)
                  | [Felid growth]
  5297 | D:4      | Reached XP level 6. HP: 25/25 MP: 0/13
  5792 | D:4      | Found a staircase to the Ecumenical Temple.
  5830 | Temple   | Entered the Ecumenical Temple
  5948 | Temple   | Became a worshipper of Makhleb the Destroyer
  5975 | D:4      | Found a sparkling altar of Nemelex Xobeh.
  6288 | D:4      | Noticed Robin
  6308 | D:4      | Killed Robin
  6460 | D:4      | Found a shimmering blue altar of Sif Muna.
  6521 | D:4      | Found Hynoides's Assorted Antiques.
  6524 | D:4      | Bought a scroll of teleportation for 69 gold pieces
  6524 | D:4      | Bought a scroll of teleportation for 69 gold pieces
  6524 | D:4      | Bought a potion of heal wounds for 115 gold pieces
  6652 | D:5      | Entered Level 5 of the Dungeon
  6662 | D:5      | Shot with an arrow by a centaur
  6663 | D:5      | Reached XP level 5. HP: -3/21 MP: 20/22
  6693 | D:5      | Noticed an ogre
  6701 | D:5      | Noticed an ice beast
  6704 | D:5      | Killed an ogre
  6737 | D:5      | Killed an ice beast
  6738 | D:5      | Reached skill level 6 in Summonings
  6738 | D:5      | Reached XP level 6. HP: 13/25 MP: 4/14
  7198 | D:5      | Reached * piety under Makhleb
  7422 | D:5      | Reached skill level 5 in Spellcasting
  7694 | D:5      | Reached XP level 7. HP: 28/28 MP: 15/15
  7989 | D:5      | Found a shimmering altar of Xom.
  7991 | D:5      | Found a sacrificial altar of Ru.
  7991 | D:5      | Found a hazy altar of Hepliaklqana.
  7993 | D:5      | Found an iron altar of Okawaru.
  7993 | D:5      | Found a shimmering altar of Xom.
  7993 | D:5      | Found an opulent altar of Gozag.
  8071 | D:5      | Learned a level 3 spell: Summon Guardian Golem
  8097 | D:5      | Reached skill level 7 in Summonings
  8389 | D:5      | Found a bloodstained altar of Trog.
  8572 | D:6      | Found a shimmering blue altar of Sif Muna.
  9219 | D:6      | Found a white marble altar of Elyvilon.
  9248 | D:6      | Reached skill level 1 in Unarmed Combat
  9436 | D:6      | Found a snail-covered altar of Cheibriados.
  9528 | D:6      | Found a glowing golden altar of the Shining One.
  9637 | D:6      | Got a smoking glass ring
  9649 | D:6      | Found a basalt altar of Yredelemnul.
  9682 | D:6      | Found an iron altar of Okawaru.
 10154 | D:7      | You fall into a shaft and drop 2 floors!
 10163 | D:9      | Identified the ring of Paon {rElec rPois Str+2 Slay+3} (You
                  | found it on level 6 of the Dungeon)
 10287 | D:9      | Noticed a two-headed ogre
 10302 | D:9      | Killed a two-headed ogre
 10303 | D:9      | Reached skill level 8 in Summonings
 10303 | D:9      | Reached XP level 8. HP: 31/31 MP: 18/18
 10490 | D:8      | Noticed a death yak
 10492 | D:8      | Noticed a death yak
 10496 | D:8      | Noticed a death yak
 10502 | D:8      | Killed a death yak
 10511 | D:8      | Noticed a death yak
 10515 | D:8      | Noticed a death yak
 10516 | D:8      | Noticed a death yak
 10525 | D:8      | Killed a death yak
 10526 | D:8      | Reached skill level 9 in Summonings
 10549 | D:8      | Killed a death yak
 10550 | D:8      | Reached skill level 1 in Hexes
 10550 | D:8      | Reached XP level 9. HP: 21/34 MP: 13/22
 10558 | D:8      | Killed a death yak
 10559 | D:8      | Reached skill level 10 in Summonings
 10566 | D:8      | Killed a death yak
 10602 | D:8      | Killed a death yak
 10632 | D:8      | Reached ** piety under Makhleb
 10714 | D:8      | Learned a level 3 spell: Confusing Touch
 10741 | D:8      | Reached XP level 10. HP: 38/38 MP: 24/24
 11157 | D:8      | Found a blossoming altar of Fedhas.
 11162 | D:8      | Killed from afar by an orc priest
 11163 | D:8      | Reached XP level 9. HP: -4/34 MP: 32/32
 11164 | D:8      | Found a staircase to the Lair.
 11385 | D:7      | Found a runed translucent gate.
 11386 | D:7      | Found a runed translucent gate.
 11386 | D:7      | Found a runed translucent gate.
 11387 | D:7      | Noticed chaostorm's ghost (novice MiBe)
 11388 | D:7      | Noticed Zeld's ghost (novice OpBr)
 11423 | D:7      | Reached skill level 1 in Invocations
 11754 | D:7      | Found a shadowy altar of Dithmenos.
 12052 | D:7      | You fall into a shaft and drop 3 floors!
 12052 | D:10     | Entered Level 10 of the Dungeon
 12207 | D:8      | Reached skill level 1 in Fighting
 12751 | D:7      | Learned a level 4 spell: Summon Lightning Spire
 12881 | D:7      | Killed Zeld's ghost
 12901 | D:7      | Killed chaostorm's ghost
 12901 | D:7      | Reached *** piety under Makhleb
 13016 | D:9      | Noticed a troll
 13029 | D:9      | Killed a troll
 13200 | D:9      | Shot with an arrow by a centaur
 13201 | D:9      | Reached XP level 8. HP: -3/33 MP: 31/31
 13222 | D:9      | Found a transporter.
 13226 | D:9      | Noticed JuniperTheExplorer's ghost (weakling OpDe)
 13389 | D:9      | Found a transporter.
 13988 | D:10     | Reached XP level 9. HP: 32/36 MP: 23/23
 14801 | D:10     | Noticed an ice dragon
 14851 | D:10     | Killed from afar by an ice dragon

Illustrated notes

Levels and vault maps discovered:
D:1:      heliophobic_arrival_henge, layout_loops_corners
D:2:      minmay_spotlight, layout_loops_ring, kiku_gazebo_pond_becter,
          uniq_sigmund
D:3:      layout_basic, evilmike_ruin_ashenzari, portal_sewer_entry_b,
          uniq_crazy_yiuf_cottage, uniq_ijyb
D:4:      layout_cave_pools, nemelex_xobeh_ov_fountains_minmay,
          lemuel_round_altar, minmay_temple_entry_butterflies, serial_shops,
          nicolae_shop_behind_doors, uniq_robin
D:5:      layout_basic, doesnt_xom_only_xom, trog_eyes_of_draining,
          hangedman_decor_points, minmay_misc_feat_cross
D:6:      layout_gridville, kennysheep_mini, lemuel_doored_altar,
          elyvilon_altar_1, kennysheep_mini_moat, tso_altar, led_sif_book
D:7:      layout_loops_cross, grunt_dithmenos_smoke_and_mirrors,
          gammafunk_ghost_cemetery
D:8:      layout_basic, old_standard_altar, dpeg_lair_monsters
D:9:      layout_irregular_city, enter_bailey_5, gammafunk_ghost_stat_death,
          kennysheep_generic_room_10
D:10:     layout_loops_cross, minmay_the_grid_2x2 [minmay_the_grid_dragon_b,
          minmay_the_grid_pillar_ring, minmay_the_grid_mess,
          minmay_the_grid_prize_inner_circle]
Temple:   dpeg_three_leaves_temple

Skill      XL: |  1  2  3  4  5  6  7  8  9 10 |
---------------+-------------------------------+-----
Spellcasting   | 3 4 5 6 8 9 |  9.9
Stealth        | 3 4 |  4.8
Summonings     | 5 6 8 9 10 | 10.5
Dodging        | 3 4 |  4.7
Unarmed Combat | 1 2 |  2.2
Hexes          | 1 2 3 |  3.8
Invocations    | 2 1 |  2.7
Fighting       | 2 |  2.4

Action                   |  1- 3 |  4- 6 |  7- 9 | 10-12 || total
-------------------------+-------+-------+-------+-------++-------
Melee: Unarmed           |    24 |    40 |    64 |     9 ||   137
       Bite              |     2 |     7 |    10 |       ||    19
 Cast: Summon Small Mamm |    61 |   113 |    42 |     3 ||   219
       Call Imp          |    14 |    69 |    78 |     5 ||   166
       Call Canine Famil |       |    32 |    50 |     4 ||    86
       Summon Guardian G |       |       |    33 |     5 ||    38
       Confusing Touch   |       |       |     7 |       ||     7
       Summon Lightning  |       |       |     6 |       ||     6
Invok: Minor Destruction |       |       |    12 |       ||    12
       Lesser Servant of |       |       |     2 |       ||     2
  Use: Potion            |     2 |     3 |     1 |       ||     6
       Scroll            |       |     6 |     5 |       ||    11
 Stab: Sleeping          |     6 |     5 |     5 |       ||    16
       Distracted        |     1 |       |       |     1 ||     2
       Confused          |       |       |     3 |       ||     3
Armor: Skin              |     2 |     7 |     3 |       ||    12
Dodge: Dodged            |    40 |    84 |    84 |    11 ||   219
